 Dungeon Crawl Stone Soup version 0.29.1-2-gbd0b4ee654 (webtiles) character file.

Game seed: 8872343759248397475

83 Icepheonix32 the Trooper (level 4, -2/61 HPs)
             Began as a Minotaur Fighter on Nov 11, 2022.
             Slain by Natasha (4 damage)
             ... on level 2 of the Dungeon.
             The game lasted 00:03:28 (1499 turns).

Icepheonix32 the Trooper (Minotaur Fighter)         Turns: 1499, Time: 00:03:29

Health: -2/61      AC: 22    Str: 20    XL:     4   Next: 22%
Magic:  3/3        EV:  2    Int:  7    God:
Gold:   48         SH:  4    Dex: 10    Spells: 3/3 levels left

rFire   . . .      SeeInvis .   a - +0 war axe
rCold   . . .      Faith    .   c - +0 buckler
rNeg    . . .      Spirit   .   (body armour currently unavailable)
rPois   +          Reflect  .   (helmet currently unavailable)
rElec   .          Harm     .   (cloak currently unavailable)
rCorr   .          Rampage  .   (gloves currently unavailable)
Will    .....      NoTele   +   (boots currently unavailable)
Stlth   +.........              (no amulet)
HPRegen 0.20/turn               (no ring)
MPRegen 0.08/turn               (no ring)

@: tree-form, slowed, very slow
A: stationary, stasis, torment immunity, boosted hp, (horns 2), (retaliatory
headbutt)
a: no special abilities


You were on level 2 of the Dungeon.
You were a tree.
You visited 1 branch of the dungeon, and saw 2 of its levels.

You collected 48 gold pieces.

Inventory:

Hand Weapons
 a - a +0 war axe (weapon)
Armour
 b - a +0 scale mail (melded)
 c - a +0 buckler (worn)
 h - a +0 kite shield
Scrolls
 e - 2 scrolls of identify {unknown}
 i - 4 scrolls of magic mapping {unknown}
 l - a scroll of noise {unknown}
Potions
 d - a potion of might
 j - a potion of degeneration {unknown}
 k - a potion of cancellation {unknown}


   Skills:
 * Level 4.7 Fighting
 - Level 3.1 Axes
 + Level 4.4 Armour
 + Level 0.1 Stealth
 + Level 4.0 Shields


You had 3 spell levels left.
You didn't know any spells.
Your spell library contained the following spells:

 Spells                   Type           Power      Damage    Failure   Level
 Scorch                   Fire           0%         2d5       65%         2
 Portal Projectile        Hex/Tloc       0%         N/A       87%         3
 Flame Wave               Conj/Fire      0%         2d4       99%         4
 Agony                    Necr           0%         N/A       100%        5
 Metabolic Englaciation   Hex/Ice        0%         N/A       100%        5
 Yara's Violent Unravell  Hex/Tmut       0%         3d3       100%        5
 Summon Cactus Giant      Summ           0%         N/A       100%        6


Dungeon Overview and Level Annotations

Branches:
Dungeon (2/15)

Altars:

Annotations:
D:2 Natasha


Innate Abilities, Weirdness & Mutations

You are a tree.
Your roots penetrate the ground, keeping you stationary.
You cannot be teleported.
You are immune to unholy pain and torment.
Your maximum health is greatly increased.
Your equipment is partially melded.
((You have a pair of horns on your head.))
((You reflexively headbutt those who attack you in melee.))


Message History

The white imp barely misses you.
You hit Natasha. You headbutt Natasha, but do no damage.
Natasha is severely wounded.
You slash the white imp!
Natasha growls.
Natasha claws you!
The white imp hits you but does no damage.
You block Natasha's attack. You block the white imp's attack.
You hit the white imp.
The white imp is almost dead.
You hit Natasha. Natasha casts a spell at you.
You feel as though you will be slow longer.
You block the white imp's attack. Natasha barely misses you.
The white imp hits you but does no damage.
You completely miss the white imp. Your headbutt misses the white imp.
The white imp is almost dead.
You closely miss Natasha.
Natasha stares at you and mumbles some strange words.
The magic dart hits you! The white imp hits you.
* * * LOW HITPOINT WARNING * * *
The white imp freezes you.
* * * LOW HITPOINT WARNING * * *
Natasha stares at you and mumbles some strange words.
The magic dart hits you!
* * * LOW HITPOINT WARNING * * *
You block the white imp's attack.
Unknown command.
Unknown command.
It was a potion of curing.
You feel better. Natasha completely misses you.
The white imp barely misses you. Natasha claws you but does no damage.
The white imp hits you.
* * * LOW HITPOINT WARNING * * *
The white imp freezes you.
* * * LOW HITPOINT WARNING * * *
Unknown command.
It was a potion of lignification.
You turn into a tree.
Your +0 scale mail melds into your body.
Your roots penetrate the ground.
Natasha claws you.
You die...

#.......######.#
#.......#......#
#.......#.###..# #
#.......#.#.#..#.#
#(..........#..#.####
#...........#$.......
#.....).....#..######
#########.....#....#
...# #.....##♣#.#
##.### #####.#h5#.#
#...#### #†#..# .
###....#####.#..#####
####.....#........#
#####.##...#.#.#
#####.>....#
#<....####.# #####.#
...


You could see Natasha and a white imp (summoned).

Vanquished Creatures
  Natasha (D:2)
  2 adders (D:2)
  2 worms (D:2)
  A dart slug (D:2)
  2 ball pythons (D:2)
  3 bats
  2 endoplasms
  3 giant cockroaches
  3 goblins (D:2)
  3 hobgoblins
  2 quokkas
  4 frilled lizards
  3 kobolds (D:1)
  2 rats (D:2)
33 creatures vanquished.

Notes
Turn   | Place    | Note
-------+----------+-------------------------------------------
     0 | D:1      | Icepheonix32 the Minotaur Fighter began the quest for the
                  | Orb.
     0 | D:1      | Reached XP level 1. HP: 19/19 MP: 0/0
   275 | D:1      | Got the Vellum of Bewitching Unholy Mysteries
   382 | D:1      | Reached XP level 2. HP: 27/27 MP: 1/1
  1014 | D:2      | Reached XP level 3. HP: 34/34 MP: 2/2
  1068 | D:2      | Noticed Natasha
  1075 | D:2      | Killed Natasha
  1079 | D:2      | Reached XP level 4. HP: 33/41 MP: 3/3
  1488 | D:2      | Noticed Natasha
  1497 | D:2      | HP: 1/41 [Natasha/magic dart (7)]
  1499 | D:2      | Slain by Natasha

Illustrated notes

Levels and vault maps discovered:
D:1:      tarquinn_simple_flora_water_c, layout_loops_ring,
          kennysheep_minor_cross
D:2:      layout_basic, uniq_natasha

Skill      XL: |  1  2  3 |
---------------+----------+-----
Armour         | 4 |  4.4
Fighting       | 4 |  4.7
Shields        | 4 |  4.0
Axes           | 3 |  3.1
Stealth        | |  0.1

Action                   |  1- 3 |  4- 6 || total
-------------------------+-------+-------++-------
Melee: War axe           |    48 |    26 ||    74
       Headbutt          |     7 |     4 ||    11
  Use: Potion            |       |     2 ||     2
Armor: Scale mail        |    36 |    10 ||    46
Dodge: Dodged            |    25 |    16 ||    41
Block: Buckler           |    14 |     9 ||    23
